[ AOE2 MATCH · #465073774 ]
Team RMItalians vs Vikings
[ REPLAY ANALYSIS · EXTRACTED FROM THE RECORDED GAME ]
Feudal
12:58
Castle
20:06
Imperial
41:27
| APM avg | 16.5 |
| APM peak | 45 |
| eAPM avg | 11.3 |
| Villagers / military | 109 / 247 |
Focus
⚔️ 32.8% · 🌾 67.2%
Archer ×139 · Genoese Crossbowman ×72 · Trade Cart ×22 · Mangonel ×14 · Trebuchet (Packed) ×10 · Bombard Cannon ×9
Feudal
12:42
Castle
18:27
Imperial
35:35
| APM avg | 21.0 |
| APM peak | 54 |
| eAPM avg | 11.4 |
| Villagers / military | 85 / 249 |
Focus
⚔️ 37.6% · 🌾 62.4%
Skirmisher ×96 · Berserk ×85 · Knight ×27 · Scorpion ×24 · Trade Cart ×13 · Spearman ×7
Feudal
10:40
Castle
17:49
Imperial
31:36
| APM avg | 41.1 |
| APM peak | 100 |
| eAPM avg | 21.7 |
| Villagers / military | 129 / 173 |
Focus
⚔️ 26.1% · 🌾 73.9%
Urumi Swordsman ×145 · Trade Cart ×14 · Trebuchet (Packed) ×13 · Spearman ×10 · Monk ×3 · Armored Elephant ×2
Feudal
12:04
Castle
21:07
Imperial
28:57
| APM avg | 16.3 |
| APM peak | 39 |
| eAPM avg | 11.0 |
| Villagers / military | 93 / 357 |
Focus
⚔️ 39.1% · 🌾 60.9%
Spearman ×136 · Archer ×97 · Ghulam ×78 · Camel Scout ×40 · Trade Cart ×7 · Trebuchet (Packed) ×6
Feudal
15:02
Castle
22:08
Imperial
33:53
| APM avg | 10.9 |
| APM peak | 41 |
| eAPM avg | 9.0 |
| Villagers / military | 73 / 180 |
Focus
⚔️ 47.7% · 🌾 52.3%
Ballista Elephant ×85 · Scout Cavalry ×60 · Skirmisher ×34 · Trade Cart ×11 · Trebuchet (Packed) ×1
Feudal
10:32
Castle
20:58
Imperial
—
| APM avg | 6.0 |
| APM peak | 28 |
| eAPM avg | 3.3 |
| Villagers / military | 81 / 3 |
Focus
⚔️ 10.5% · 🌾 89.5%
Archer ×3
Feudal
13:51
Castle
20:35
Imperial
32:55
| APM avg | 21.3 |
| APM peak | 91 |
| eAPM avg | 17.7 |
| Villagers / military | 130 / 265 |
Focus
⚔️ 39.6% · 🌾 60.4%
Cataphract ×212 · Spearman ×41 · Trade Cart ×39 · Bombard Cannon ×7 · Trebuchet (Packed) ×3 · Monk ×2
Feudal
10:44
Castle
15:13
Imperial
31:04
| APM avg | 22.8 |
| APM peak | 94 |
| eAPM avg | 16.1 |
| Villagers / military | 143 / 236 |
Focus
⚔️ 27.2% · 🌾 72.8%
Spearman ×174 · Scorpion ×27 · Longbowman ×19 · Battering Ram ×14 · Unknown (882) ×5 · Monk ×1
Match map
Resources at game start + every placement click. Thick line = wall · dashed box = detected house wall. 🟡 gold · ⚪ stone · 🟢 berries · 🔶 boar · ⭕ relic
Inputs per minute
— Cruzcerro3 - - joaoinkgamer
Build order — Cruzcerro3
First 150 of 341 actions detected
| 0:02 | Create | Villager (Male) |
| 0:02 | Create | Villager (Male) |
| 0:04 | Build | House |
| 0:07 | Build | House |
| 0:43 | Create | Villager (Male) ×2 |
| 1:35 | Create | Villager (Male) |
| 1:52 | Create | Villager (Male) |
| 2:30 | Create | Villager (Male) |
| 2:30 | Create | Villager (Male) |
| 2:58 | Create | Villager (Male) |
| 3:16 | Create | Villager (Male) |
| 3:32 | Build | House |
| 3:41 | Create | Villager (Male) |
| 3:56 | Build | Mill |
| 4:24 | Create | Villager (Male) |
| 4:29 | Build | Lumber Camp |
| 4:55 | Create | Villager (Male) ×2 |
| 5:13 | Create | Villager (Male) |
| 5:30 | Build | House |
| 5:51 | Build | House |
| 6:13 | Create | Villager (Male) ×4 |
| 6:26 | Build | House |
| 6:29 | Create | Villager (Male) |
| 7:50 | Build | Lumber Camp |
| 8:06 | Create | Villager (Male) ×5 |
| 9:36 | Build | Mining Camp |
| 9:42 | Research | Feudal Age |
| 9:50 | Create | Villager (Male) |
| 9:52 | Research | Feudal Age |
| 10:36 | Build | Mining Camp |
| 10:50 | Research | Loom |
| 10:51 | Create | Villager (Male) ×5 |
| 12:44 | Build | Farm |
| 12:45 | Build | Farm |
| 12:45 | Build | Farm |
| 12:46 | Build | Farm |
| 12:58 | Age | Feudal Age |
| 13:01 | Build | Mill |
| 13:13 | Build | Mill |
| 13:23 | Research | Double-Bit Axe |
| 13:31 | Research | Horse Collar |
| 14:39 | Build | House |
| 14:41 | Build | House |
| 15:39 | Build | Market |
| 15:46 | Build | Blacksmith |
| 15:57 | Create | Villager (Male) |
| 15:57 | Create | Villager (Male) |
| 15:58 | Create | Villager (Male) |
| 17:21 | Create | Villager (Male) |
| 17:25 | Research | Castle Age |
| 17:33 | Create | Villager (Male) |
| 17:34 | Create | Villager (Male) |
| 20:04 | Build | Barracks |
| 20:06 | Age | Castle Age |
| 20:13 | Create | Villager (Male) |
| 20:24 | Build | Town Center |
| 20:44 | Build | Siege Workshop |
| 20:55 | Build | Farm |
| 20:55 | Build | Farm |
| 20:56 | Build | Farm |
| 20:59 | Create | Villager (Male) |
| 20:59 | Create | Villager (Male) |
| 21:00 | Create | Villager (Male) |
| 21:06 | Research | Fletching |
| 21:07 | Research | Padded Archer Armor |
| 21:21 | Build | Archery Range |
| 21:22 | Build | Archery Range |
| 21:23 | Build | Archery Range |
| 21:24 | Build | Archery Range |
| 21:25 | Build | Archery Range |
| 21:27 | Build | Archery Range |
| 21:39 | Research | Squires |
| 21:58 | Build | Town Center |
| 22:01 | Research | Caravan |
| 22:06 | Create | Trade Cart |
| 22:13 | Create | Villager (Male) ×5 |
| 22:29 | Research | Bodkin Arrow |
| 22:29 | Research | Leather Archer Armor |
| 23:08 | Build | Monastery |
| 23:22 | Build | Castle |
| 23:55 | Create | Villager (Male) ×5 |
| 24:01 | Build | Farm |
| 24:01 | Build | Farm |
| 24:02 | Build | Farm |
| 24:03 | Build | Farm |
| 24:06 | Create | Trade Cart |
| 24:50 | Build | Castle |
| 25:09 | Create | Villager (Male) |
| 25:10 | Create | Villager (Male) |
| 25:11 | Create | Villager (Male) |
| 25:12 | Create | Villager (Male) |
| 25:13 | Create | Villager (Male) |
| 25:20 | Build | House |
| 25:22 | Build | House |
| 25:24 | Build | House |
| 25:25 | Build | House |
| 25:26 | Build | House |
| 25:26 | Build | House |
| 25:26 | Build | House |
| 25:27 | Build | House |
| 25:27 | Build | House |
| 25:57 | Build | Mining Camp |
| 26:01 | Create | Genoese Crossbowman ×2 |
| 26:01 | Create | Genoese Crossbowman ×2 |
| 26:18 | Build | Siege Workshop |
| 26:25 | Build | Siege Workshop |
| 26:36 | Build | Mining Camp |
| 26:49 | Create | Genoese Crossbowman ×3 |
| 27:57 | Create | Mangonel |
| 27:57 | Create | Mangonel |
| 27:58 | Create | Mangonel |
| 28:04 | Create | Villager (Male) |
| 28:04 | Create | Villager (Male) |
| 28:05 | Create | Villager (Male) |
| 28:05 | Create | Villager (Male) |
| 28:05 | Create | Villager (Male) |
| 28:06 | Create | Villager (Male) |
| 28:06 | Create | Villager (Male) |
| 28:07 | Create | Villager (Male) |
| 28:07 | Create | Villager (Male) |
| 28:07 | Create | Villager (Male) |
| 28:08 | Create | Villager (Male) |
| 28:08 | Create | Villager (Male) |
| 28:09 | Create | Villager (Male) |
| 28:20 | Build | Mining Camp |
| 28:52 | Create | Genoese Crossbowman ×5 |
| 29:17 | Create | Monk |
| 30:08 | Build | University |
| 31:20 | Create | Villager (Male) |
| 31:20 | Create | Villager (Male) |
| 31:21 | Create | Villager (Male) |
| 31:21 | Create | Villager (Male) |
| 31:22 | Create | Villager (Male) |
| 31:22 | Create | Villager (Male) |
| 31:22 | Create | Villager (Male) |
| 31:23 | Create | Villager (Male) |
| 31:23 | Create | Villager (Male) |
| 31:24 | Create | Villager (Male) |
| 31:24 | Create | Villager (Male) |
| 31:25 | Create | Villager (Male) |
| 31:30 | Build | Farm |
| 31:31 | Build | Farm |
| 31:31 | Build | Farm |
| 31:32 | Build | Farm |
| 31:33 | Build | Farm |
| 31:33 | Build | Farm |
| 31:34 | Build | Farm |
| 31:34 | Build | Farm |
| 31:39 | Create | Trade Cart ×5 |
| 31:40 | Create | Trade Cart ×5 |
Build order — joaoinkgamer
First 150 of 346 actions detected
| 0:06 | Build | House |
| 0:08 | Research | Loom |
| 0:09 | Create | Villager (Male) |
| 0:09 | Create | Villager (Male) |
| 0:10 | Create | Villager (Male) |
| 0:10 | Create | Villager (Male) |
| 0:10 | Create | Villager (Male) |
| 0:50 | Build | House |
| 0:52 | Build | House |
| 0:52 | Build | House |
| 2:06 | Create | Villager (Male) |
| 2:06 | Create | Villager (Male) |
| 2:42 | Build | Lumber Camp |
| 3:08 | Create | Villager (Male) |
| 3:09 | Create | Villager (Male) |
| 3:09 | Create | Villager (Male) |
| 3:40 | Create | Villager (Male) |
| 4:41 | Create | Villager (Male) |
| 4:41 | Create | Villager (Male) |
| 5:11 | Build | Mill |
| 5:15 | Create | Villager (Male) |
| 5:15 | Create | Villager (Male) |
| 5:16 | Create | Villager (Male) |
| 6:04 | Create | Villager (Male) |
| 6:04 | Create | Villager (Male) |
| 6:05 | Create | Villager (Male) |
| 6:27 | Build | Mill |
| 7:05 | Create | Villager (Male) |
| 7:20 | Build | Mining Camp |
| 7:44 | Create | Villager (Male) |
| 7:45 | Create | Villager (Male) |
| 7:53 | Create | Villager (Male) |
| 7:55 | Create | Villager (Male) |
| 9:41 | Build | House |
| 9:43 | Build | House |
| 9:48 | Create | Villager (Male) |
| 10:09 | Build | House |
| 10:21 | Build | Mining Camp |
| 10:32 | Research | Feudal Age |
| 11:33 | Build | Barracks |
| 11:46 | Create | Villager (Male) |
| 11:46 | Create | Villager (Male) |
| 12:07 | Build | Farm |
| 12:15 | Build | Farm |
| 12:26 | Build | Farm |
| 12:42 | Age | Feudal Age |
| 12:42 | Build | Outpost |
| 12:46 | Create | Spearman |
| 13:23 | Build | Outpost |
| 13:38 | Research | Town Watch |
| 13:52 | Build | Blacksmith |
| 14:39 | Build | Market |
| 15:12 | Create | Spearman |
| 15:47 | Research | Castle Age |
| 15:51 | Research | Stone Mining |
| 15:58 | Create | Spearman |
| 15:58 | Create | Spearman |
| 17:48 | Research | Double-Bit Axe |
| 18:20 | Research | Horse Collar |
| 18:27 | Age | Castle Age |
| 18:46 | Create | Trade Cart |
| 18:57 | Create | Villager (Male) |
| 18:57 | Create | Villager (Male) |
| 18:57 | Create | Villager (Male) |
| 18:58 | Create | Villager (Male) |
| 18:58 | Create | Villager (Male) |
| 19:12 | Build | Castle |
| 19:17 | Create | Spearman |
| 19:17 | Create | Spearman |
| 19:18 | Create | Spearman |
| 19:35 | Create | Villager (Male) |
| 19:35 | Create | Villager (Male) |
| 19:36 | Create | Villager (Male) |
| 20:06 | Create | Villager (Male) |
| 20:06 | Create | Villager (Male) |
| 20:06 | Create | Villager (Male) |
| 20:12 | Build | Farm |
| 20:12 | Build | Farm |
| 20:12 | Build | Farm |
| 20:12 | Build | Farm |
| 20:13 | Build | Farm |
| 20:40 | Build | Siege Workshop |
| 20:58 | Build | Farm |
| 21:09 | Build | Town Center |
| 21:38 | Research | Fletching |
| 21:49 | Build | Stable |
| 22:00 | Create | Villager (Male) |
| 22:00 | Create | Villager (Male) |
| 22:45 | Build | House |
| 22:47 | Build | House |
| 22:49 | Build | House |
| 22:50 | Build | House |
| 22:56 | Create | Berserk |
| 22:56 | Create | Berserk |
| 23:20 | Create | Scorpion |
| 23:21 | Create | Scorpion |
| 23:21 | Create | Scorpion |
| 23:21 | Create | Scorpion |
| 23:32 | Build | Farm |
| 23:32 | Build | Farm |
| 23:32 | Build | Farm |
| 23:32 | Build | Farm |
| 23:33 | Build | Farm |
| 23:36 | Create | Villager (Male) |
| 23:36 | Create | Villager (Male) |
| 23:37 | Create | Villager (Male) |
| 24:08 | Build | Archery Range |
| 24:15 | Create | Berserk |
| 24:15 | Create | Berserk |
| 24:25 | Research | Scale Mail Armor |
| 24:51 | Create | Berserk |
| 24:52 | Create | Berserk |
| 24:52 | Create | Berserk |
| 25:03 | Build | Outpost |
| 25:25 | Create | Berserk ×2 |
| 25:25 | Create | Berserk ×2 |
| 26:00 | Research | Arson |
| 26:22 | Create | Battering Ram |
| 26:22 | Create | Battering Ram |
| 26:41 | Build | Town Center |
| 26:58 | Research | Heavy Plow |
| 27:02 | Research | Bow Saw |
| 28:34 | Create | Villager (Male) |
| 28:34 | Create | Villager (Male) |
| 28:35 | Create | Villager (Male) |
| 28:35 | Create | Villager (Male) |
| 28:35 | Create | Villager (Male) |
| 28:35 | Create | Villager (Male) |
| 28:36 | Create | Villager (Male) |
| 28:39 | Build | Farm |
| 28:39 | Build | Farm |
| 28:39 | Build | Farm |
| 28:40 | Build | Farm |
| 28:40 | Build | Farm |
| 28:40 | Build | Farm |
| 28:50 | Create | Villager (Male) |
| 28:50 | Create | Villager (Male) |
| 28:50 | Create | Villager (Male) |
| 29:27 | Create | Knight |
| 29:27 | Create | Knight |
| 29:27 | Create | Knight |
| 29:28 | Create | Knight |
| 29:40 | Build | Castle |
| 30:09 | Build | Archery Range |
| 30:11 | Build | Archery Range |
| 30:59 | Research | Elite Skirmisher (upgrade) |
| 31:27 | Build | University |
| 32:25 | Research | Imperial Age |
| 32:36 | Create | Skirmisher ×3 |
| 32:36 | Create | Skirmisher ×3 |
Build order — sTaZero
First 150 of 487 actions detected
| 0:01 | Create | Villager (Male) |
| 0:02 | Create | Villager (Male) |
| 0:04 | Build | House |
| 0:06 | Build | House |
| 0:26 | Create | Villager (Male) |
| 0:26 | Create | Villager (Male) |
| 1:35 | Create | Villager (Male) |
| 1:35 | Create | Villager (Male) |
| 1:58 | Create | Villager (Male) |
| 2:31 | Create | Villager (Male) |
| 2:49 | Create | Villager (Male) |
| 3:25 | Create | Villager (Male) |
| 3:28 | Create | Villager (Male) |
| 3:44 | Build | House |
| 3:45 | Build | House |
| 3:54 | Build | Mill |
| 4:19 | Create | Villager (Male) |
| 4:55 | Create | Villager (Male) |
| 5:19 | Create | Villager (Male) |
| 5:27 | Build | Lumber Camp |
| 5:40 | Create | Villager (Male) |
| 5:52 | Create | Villager (Male) |
| 6:20 | Create | Villager (Male) |
| 7:08 | Create | Villager (Male) |
| 7:30 | Create | Villager (Male) |
| 7:31 | Create | Villager (Male) |
| 8:30 | Research | Feudal Age |
| 8:30 | Research | Feudal Age |
| 8:46 | Build | House |
| 8:47 | Build | House |
| 8:48 | Build | House |
| 9:14 | Build | Mining Camp |
| 9:25 | Build | Mining Camp |
| 10:17 | Create | Villager (Male) |
| 10:40 | Age | Feudal Age |
| 10:56 | Build | Blacksmith |
| 11:05 | Create | Villager (Male) |
| 11:15 | Build | Market |
| 11:19 | Create | Villager (Male) |
| 11:34 | Build | Farm |
| 11:58 | Build | Farm |
| 12:16 | Create | Villager (Male) |
| 12:25 | Build | Farm |
| 12:27 | Build | Farm |
| 12:42 | Create | Villager (Male) |
| 13:43 | Create | Villager (Male) |
| 14:18 | Build | Farm |
| 14:22 | Build | Farm |
| 15:09 | Research | Castle Age |
| 15:09 | Research | Castle Age |
| 17:34 | Build | Farm |
| 17:41 | Create | Villager (Male) |
| 17:41 | Create | Villager (Male) |
| 17:49 | Age | Castle Age |
| 17:59 | Create | Villager (Male) |
| 18:00 | Create | Villager (Male) |
| 18:11 | Build | Castle |
| 18:29 | Build | Palisade Wall |
| 18:40 | Create | Villager (Male) |
| 18:40 | Create | Villager (Male) |
| 18:51 | Build | Town Center |
| 18:59 | Create | Villager (Male) |
| 18:59 | Create | Villager (Male) |
| 19:00 | Create | Villager (Male) |
| 19:02 | Create | Villager (Male) |
| 19:26 | Build | Mining Camp |
| 19:28 | Create | Urumi Swordsman |
| 19:31 | Build | Mining Camp |
| 19:39 | Build | Palisade Wall |
| 19:42 | Create | Urumi Swordsman |
| 19:54 | Create | Villager (Male) |
| 19:54 | Create | Villager (Male) |
| 19:54 | Create | Villager (Male) |
| 19:57 | Build | Farm |
| 19:58 | Research | Horse Collar |
| 19:58 | Research | Horse Collar |
| 19:59 | Research | Double-Bit Axe |
| 20:32 | Create | Urumi Swordsman |
| 20:33 | Create | Urumi Swordsman |
| 21:30 | Build | Town Center |
| 21:51 | Create | Urumi Swordsman |
| 21:51 | Create | Urumi Swordsman |
| 21:56 | Create | Villager (Male) |
| 21:56 | Create | Villager (Male) |
| 22:02 | Build | Farm |
| 22:04 | Build | Farm |
| 22:06 | Build | Farm |
| 22:09 | Build | Farm |
| 22:59 | Create | Villager (Male) |
| 22:59 | Create | Villager (Male) |
| 23:00 | Create | Villager (Male) |
| 23:14 | Build | Siege Workshop |
| 23:18 | Create | Villager (Male) |
| 23:18 | Create | Villager (Male) |
| 23:25 | Build | Farm |
| 23:27 | Build | Farm |
| 23:30 | Build | Farm |
| 23:47 | Create | Armored Elephant |
| 23:47 | Create | Armored Elephant |
| 24:04 | Create | Villager (Male) |
| 24:04 | Create | Villager (Male) |
| 24:04 | Create | Villager (Male) |
| 24:05 | Create | Villager (Male) |
| 24:08 | Build | Farm |
| 24:11 | Build | Farm |
| 24:13 | Build | Farm |
| 24:22 | Build | Monastery |
| 24:40 | Create | Villager (Male) |
| 24:40 | Create | Villager (Male) |
| 24:40 | Create | Villager (Male) |
| 25:05 | Build | Farm |
| 25:11 | Create | Villager (Male) |
| 25:11 | Create | Villager (Male) |
| 25:11 | Create | Villager (Male) |
| 25:13 | Create | Villager (Male) |
| 25:16 | Build | Farm |
| 25:20 | Build | Farm |
| 25:35 | Create | Monk |
| 26:05 | Build | Farm |
| 26:07 | Build | Farm |
| 26:10 | Research | Heavy Plow |
| 26:21 | Build | Farm |
| 26:21 | Build | Farm |
| 26:44 | Create | Monk |
| 26:53 | Build | Farm |
| 27:00 | Create | Villager (Male) |
| 28:11 | Build | Castle |
| 28:26 | Research | Imperial Age |
| 28:26 | Research | Imperial Age |
| 28:44 | Create | Villager (Male) |
| 28:44 | Create | Villager (Male) |
| 28:45 | Create | Villager (Male) |
| 28:47 | Build | Farm |
| 28:49 | Build | Farm |
| 28:53 | Build | Farm |
| 28:58 | Create | Villager (Male) |
| 28:58 | Create | Villager (Male) |
| 28:59 | Create | Villager (Male) |
| 30:06 | Build | Mining Camp |
| 30:12 | Create | Villager (Male) |
| 30:12 | Create | Villager (Male) |
| 30:13 | Create | Villager (Male) |
| 30:43 | Create | Villager (Male) |
| 30:43 | Create | Villager (Male) |
| 30:52 | Create | Villager (Male) |
| 30:52 | Create | Villager (Male) |
| 30:53 | Create | Villager (Male) |
| 30:53 | Create | Villager (Male) |
| 31:36 | Age | Imperial Age |
| 31:39 | Create | Trebuchet (Packed) |
Build order — Selu
First 150 of 390 actions detected
| 0:04 | Create | Villager (Male) |
| 0:04 | Research | Loom |
| 0:04 | Create | Villager (Male) |
| 0:10 | Build | House |
| 0:11 | Build | House |
| 0:31 | Create | Villager (Male) |
| 0:35 | Create | Villager (Male) |
| 1:11 | Create | Villager (Male) |
| 2:13 | Create | Villager (Male) |
| 3:38 | Create | Villager (Male) |
| 3:39 | Create | Villager (Male) |
| 3:50 | Create | Villager (Male) |
| 3:59 | Create | Villager (Male) |
| 4:29 | Create | Villager (Male) |
| 4:42 | Create | Villager (Male) |
| 4:52 | Create | Villager (Male) |
| 4:58 | Build | House |
| 4:58 | Build | House |
| 4:59 | Build | House |
| 5:00 | Build | House |
| 5:05 | Create | Villager (Male) |
| 6:15 | Create | Villager (Male) |
| 6:26 | Build | Lumber Camp |
| 6:43 | Create | Villager (Male) |
| 7:27 | Create | Villager (Male) |
| 7:27 | Create | Villager (Male) |
| 8:02 | Create | Villager (Male) |
| 8:18 | Build | Mill |
| 8:28 | Create | Villager (Male) |
| 8:50 | Create | Villager (Male) |
| 9:12 | Research | Feudal Age |
| 9:45 | Create | Villager (Male) |
| 10:16 | Create | Villager (Male) |
| 10:53 | Create | Villager (Male) |
| 10:53 | Create | Villager (Male) |
| 11:00 | Build | Farm |
| 11:01 | Build | Farm |
| 11:03 | Build | Farm |
| 11:05 | Build | Farm |
| 11:07 | Build | Farm |
| 11:36 | Build | Mining Camp |
| 12:04 | Age | Feudal Age |
| 12:38 | Build | Farm |
| 12:40 | Create | Villager (Male) |
| 13:04 | Build | Farm |
| 13:29 | Build | House |
| 13:29 | Build | House |
| 13:45 | Build | Farm |
| 13:53 | Build | Farm |
| 14:14 | Create | Villager (Male) |
| 14:21 | Build | Blacksmith |
| 14:30 | Create | Villager (Male) |
| 14:46 | Build | Farm |
| 14:49 | Create | Villager (Male) |
| 15:13 | Build | Farm |
| 15:14 | Create | Villager (Male) |
| 15:25 | Build | Farm |
| 15:35 | Build | Farm |
| 15:49 | Build | Market |
| 15:57 | Create | Villager (Male) |
| 16:05 | Create | Villager (Male) |
| 16:05 | Create | Villager (Male) |
| 16:11 | Create | Villager (Male) |
| 16:18 | Research | Double-Bit Axe |
| 16:21 | Research | Horse Collar |
| 16:28 | Build | Farm |
| 16:53 | Build | Farm |
| 16:58 | Create | Villager (Male) |
| 17:08 | Create | Villager (Male) |
| 17:18 | Build | Farm |
| 17:28 | Research | Castle Age |
| 17:47 | Build | Mining Camp |
| 20:57 | Research | Stone Mining |
| 20:58 | Research | Gold Mining |
| 21:02 | Create | Villager (Male) |
| 21:02 | Create | Villager (Male) |
| 21:03 | Create | Villager (Male) |
| 21:03 | Create | Villager (Male) |
| 21:03 | Create | Villager (Male) |
| 21:07 | Age | Castle Age |
| 21:23 | Create | Villager (Male) |
| 21:48 | Create | Villager (Male) |
| 21:55 | Build | House |
| 21:56 | Build | House |
| 21:57 | Build | House |
| 21:58 | Build | House |
| 21:59 | Build | House |
| 22:31 | Build | Castle |
| 22:59 | Build | Siege Workshop |
| 23:16 | Research | Heavy Plow |
| 23:18 | Research | Bow Saw |
| 23:21 | Create | Villager (Male) |
| 23:21 | Create | Villager (Male) |
| 23:26 | Build | Town Center |
| 23:37 | Create | Villager (Male) |
| 23:51 | Create | Villager (Male) |
| 24:25 | Build | Lumber Camp |
| 24:46 | Create | Villager (Male) |
| 25:12 | Create | Trade Cart |
| 25:12 | Create | Trade Cart |
| 25:21 | Create | Villager (Male) |
| 25:24 | Create | Villager (Male) |
| 25:24 | Create | Villager (Male) |
| 25:25 | Create | Villager (Male) |
| 25:25 | Create | Villager (Male) |
| 25:25 | Create | Villager (Male) |
| 25:29 | Build | Farm |
| 25:30 | Build | Farm |
| 25:32 | Build | Farm |
| 25:45 | Research | Imperial Age |
| 25:50 | Create | Villager (Male) |
| 25:50 | Create | Villager (Male) |
| 25:51 | Create | Villager (Male) |
| 25:57 | Build | Farm |
| 26:00 | Build | Farm |
| 26:03 | Build | Farm |
| 26:08 | Create | Ghulam |
| 26:08 | Create | Ghulam |
| 26:34 | Build | House |
| 26:35 | Build | House |
| 26:36 | Build | House |
| 26:37 | Build | House |
| 26:41 | Build | University |
| 26:45 | Create | Trade Cart |
| 27:01 | Build | Stone Wall |
| 27:04 | Build | Stone Wall |
| 27:08 | Build | Building 665 |
| 27:41 | Create | Ghulam |
| 27:41 | Create | Ghulam |
| 27:49 | Create | Villager (Male) |
| 27:49 | Research | Wheelbarrow |
| 28:06 | Create | Ghulam |
| 28:06 | Create | Ghulam |
| 28:10 | Create | Ghulam |
| 28:15 | Research | Gold Shaft Mining |
| 28:56 | Build | Farm |
| 28:57 | Age | Imperial Age |
| 28:57 | Build | Farm |
| 28:58 | Build | Farm |
| 29:10 | Build | Mill |
| 29:16 | Build | Farm |
| 29:23 | Create | Trebuchet (Packed) |
| 29:35 | Build | Mining Camp |
| 29:48 | Create | Trebuchet (Packed) |
| 30:07 | Create | Villager (Male) |
| 30:07 | Create | Villager (Male) |
| 30:15 | Create | Villager (Male) |
| 30:15 | Create | Villager (Male) |
| 30:15 | Create | Villager (Male) |
| 30:28 | Build | Farm |
Build order — K4T#1
First 150 of 387 actions detected
| 0:19 | Create | Villager (Male) |
| 0:20 | Create | Villager (Male) |
| 0:20 | Create | Villager (Male) |
| 0:20 | Create | Villager (Male) |
| 0:20 | Create | Villager (Male) |
| 0:26 | Build | House |
| 0:28 | Build | House |
| 0:30 | Build | House |
| 1:59 | Create | Villager (Male) |
| 3:01 | Create | Villager (Male) |
| 3:23 | Create | Villager (Male) |
| 3:39 | Build | Lumber Camp |
| 3:53 | Create | Villager (Male) |
| 4:52 | Create | Villager (Male) |
| 5:16 | Create | Villager (Male) |
| 5:36 | Create | Villager (Male) |
| 5:48 | Build | Mining Camp |
| 6:07 | Create | Villager (Male) |
| 6:14 | Build | Mining Camp |
| 6:53 | Build | Mill |
| 6:57 | Create | Villager (Male) |
| 6:58 | Create | Villager (Male) |
| 7:33 | Build | House |
| 7:34 | Build | House |
| 7:38 | Create | Villager (Male) |
| 7:52 | Build | Farm |
| 8:03 | Create | Villager (Male) |
| 8:18 | Build | Farm |
| 8:31 | Create | Villager (Male) |
| 12:52 | Research | Feudal Age |
| 12:57 | Create | Villager (Male) |
| 12:58 | Create | Villager (Male) |
| 12:59 | Create | Villager (Male) |
| 15:02 | Age | Feudal Age |
| 16:39 | Build | Farm |
| 16:42 | Build | Farm |
| 16:44 | Build | Farm |
| 16:48 | Create | Villager (Male) |
| 16:49 | Create | Villager (Male) |
| 16:52 | Create | Villager (Male) |
| 17:30 | Build | Farm |
| 18:10 | Build | Farm |
| 18:14 | Create | Villager (Male) |
| 18:14 | Create | Villager (Male) |
| 18:56 | Build | Farm |
| 19:09 | Build | House |
| 19:13 | Build | House |
| 19:14 | Build | House |
| 19:16 | Build | House |
| 19:28 | Research | Castle Age |
| 19:45 | Build | Market |
| 19:56 | Build | Blacksmith |
| 20:19 | Research | Stone Mining |
| 20:20 | Research | Gold Mining |
| 20:26 | Research | Horse Collar |
| 21:23 | Build | Stable |
| 21:30 | Build | House |
| 21:32 | Build | House |
| 21:34 | Build | House |
| 21:55 | Create | Villager (Male) |
| 21:56 | Create | Villager (Male) |
| 21:56 | Create | Villager (Male) |
| 21:57 | Create | Villager (Male) |
| 22:08 | Age | Castle Age |
| 22:43 | Build | Town Center |
| 23:12 | Build | House |
| 23:14 | Build | House |
| 23:16 | Build | House |
| 23:17 | Build | House |
| 23:19 | Build | House |
| 23:21 | Build | House |
| 23:24 | Build | House |
| 23:26 | Build | House |
| 23:33 | Build | Farm |
| 23:35 | Build | Farm |
| 23:37 | Build | Farm |
| 23:39 | Build | Farm |
| 23:41 | Build | Farm |
| 23:42 | Build | Farm |
| 23:44 | Build | Farm |
| 24:03 | Build | Castle |
| 24:32 | Create | Villager (Male) |
| 24:32 | Create | Villager (Male) |
| 24:32 | Create | Villager (Male) |
| 24:33 | Create | Villager (Male) |
| 24:33 | Create | Villager (Male) |
| 24:33 | Create | Villager (Male) |
| 24:39 | Research | Double-Bit Axe |
| 24:57 | Create | Villager (Male) |
| 24:57 | Create | Villager (Male) |
| 24:58 | Create | Villager (Male) |
| 25:47 | Research | Heavy Plow |
| 26:18 | Build | Farm |
| 26:33 | Research | Gold Shaft Mining |
| 26:52 | Build | Farm |
| 27:08 | Build | Farm |
| 27:42 | Create | Villager (Male) |
| 27:42 | Create | Villager (Male) |
| 27:42 | Create | Villager (Male) |
| 27:46 | Create | Villager (Male) |
| 27:46 | Create | Villager (Male) |
| 27:46 | Create | Villager (Male) |
| 27:47 | Create | Villager (Male) |
| 28:29 | Build | University |
| 28:39 | Build | Farm |
| 28:46 | Build | Farm |
| 28:56 | Build | Mining Camp |
| 29:00 | Research | Tusk Swords |
| 29:27 | Create | Villager (Male) |
| 29:28 | Create | Villager (Male) |
| 29:28 | Create | Villager (Male) |
| 29:49 | Create | Villager (Male) |
| 30:43 | Research | Imperial Age |
| 30:52 | Research | Forging |
| 30:53 | Research | Fletching |
| 30:54 | Research | Padded Archer Armor |
| 30:54 | Research | Scale Mail Armor |
| 31:08 | Research | Scale Barding Armor |
| 31:22 | Create | Villager (Male) |
| 31:24 | Create | Villager (Male) |
| 31:31 | Create | Villager (Male) |
| 31:53 | Build | Farm |
| 32:40 | Research | Heated Shot |
| 32:41 | Research | Ballistics |
| 32:46 | Build | Farm |
| 32:49 | Create | Villager (Male) |
| 32:50 | Create | Villager (Male) |
| 32:50 | Create | Villager (Male) |
| 32:50 | Create | Villager (Male) |
| 33:53 | Age | Imperial Age |
| 34:30 | Build | Farm |
| 34:31 | Build | Farm |
| 34:34 | Build | Farm |
| 34:45 | Build | House |
| 34:46 | Build | House |
| 34:47 | Build | House |
| 34:49 | Build | House |
| 34:50 | Build | House |
| 34:51 | Build | House |
| 34:53 | Build | House |
| 35:03 | Research | Double Crossbow |
| 35:05 | Research | Conscription |
| 35:20 | Research | Bow Saw |
| 35:42 | Create | Ballista Elephant |
| 35:43 | Create | Ballista Elephant |
| 35:43 | Create | Ballista Elephant |
| 35:43 | Create | Ballista Elephant |
| 35:55 | Create | Villager (Male) |
| 35:56 | Create | Villager (Male) |
| 36:20 | Create | Ballista Elephant |
Build order — dull520resolute
104 actions detected in the replay
| 0:09 | Build | House |
| 0:19 | Create | Villager (Male) ×5 |
| 0:37 | Build | House |
| 0:40 | Build | House |
| 1:59 | Create | Villager (Male) |
| 1:59 | Create | Villager (Male) |
| 2:30 | Create | Villager (Male) |
| 2:30 | Create | Villager (Male) |
| 2:30 | Create | Villager (Male) |
| 3:08 | Create | Villager (Male) |
| 3:08 | Create | Villager (Male) |
| 3:08 | Create | Villager (Male) |
| 3:09 | Create | Villager (Male) |
| 3:46 | Create | Villager (Male) |
| 3:46 | Create | Villager (Male) |
| 4:15 | Create | Villager (Male) |
| 4:16 | Create | Villager (Male) |
| 4:29 | Create | Villager (Male) |
| 5:39 | Create | Villager (Male) ×5 |
| 5:51 | Build | House |
| 5:52 | Build | House |
| 6:23 | Build | Lumber Camp |
| 7:26 | Build | Mill |
| 7:33 | Create | Villager (Male) |
| 7:33 | Create | Villager (Male) |
| 7:41 | Create | Villager (Male) |
| 8:27 | Research | Feudal Age |
| 10:07 | Create | Villager (Male) ×5 |
| 10:27 | Build | Mining Camp |
| 10:32 | Age | Feudal Age |
| 10:41 | Research | Horse Collar |
| 10:42 | Research | Double-Bit Axe |
| 10:59 | Build | Farm |
| 11:12 | Build | Farm |
| 11:14 | Build | Farm |
| 11:15 | Build | Farm |
| 11:24 | Build | Farm |
| 11:46 | Build | House |
| 11:48 | Build | House |
| 11:49 | Build | House |
| 11:50 | Build | House |
| 11:52 | Build | House |
| 11:52 | Build | House |
| 11:59 | Create | Villager (Male) ×4 |
| 12:07 | Build | Farm |
| 12:32 | Build | Farm |
| 13:18 | Build | Farm |
| 13:19 | Build | Farm |
| 13:36 | Create | Villager (Male) ×5 |
| 13:48 | Build | Farm |
| 13:51 | Build | Farm |
| 13:53 | Build | Farm |
| 14:02 | Build | Farm |
| 14:04 | Build | Farm |
| 14:21 | Create | Villager (Male) |
| 14:22 | Create | Villager (Male) |
| 14:30 | Build | Farm |
| 14:44 | Research | Gold Mining |
| 15:08 | Build | Blacksmith |
| 15:27 | Create | Villager (Male) |
| 15:27 | Create | Villager (Male) |
| 15:37 | Build | Farm |
| 15:55 | Build | Farm |
| 16:00 | Build | Farm |
| 16:07 | Build | Farm |
| 16:18 | Build | Farm |
| 16:24 | Build | Farm |
| 16:29 | Build | Farm |
| 16:59 | Build | Barracks |
| 17:56 | Build | Archery Range |
| 18:05 | Create | Villager (Male) ×5 |
| 18:16 | Research | Padded Archer Armor |
| 18:17 | Research | Fletching |
| 18:31 | Research | Castle Age |
| 18:44 | Build | Mining Camp |
| 20:58 | Age | Castle Age |
| 21:08 | Build | Stone Wall |
| 21:15 | Build | Building 490 |
| 21:23 | Build | Building 665 |
| 21:28 | Create | Villager (Male) ×5 |
| 21:35 | Research | Bow Saw |
| 21:38 | Research | Heavy Plow |
| 21:54 | Build | Town Center |
| 22:02 | Build | Lumber Camp |
| 22:10 | Research | Stone Mining |
| 22:25 | Create | Villager (Male) |
| 22:25 | Create | Villager (Male) |
| 22:51 | Build | Stone Wall |
| 23:22 | Create | Villager (Male) |
| 23:22 | Create | Villager (Male) |
| 23:32 | Build | Town Center |
| 23:34 | Create | Villager (Male) ×5 |
| 23:49 | Create | Villager (Male) ×5 |
| 23:53 | Create | Villager (Male) |
| 23:54 | Create | Villager (Male) |
| 24:00 | Research | Stone Shaft Mining |
| 24:02 | Research | Gold Shaft Mining |
| 24:21 | Build | Building 490 |
| 25:23 | Create | Archer |
| 25:23 | Create | Archer |
| 25:24 | Create | Archer |
| 26:02 | Create | Villager (Male) ×5 |
| 26:07 | Create | Villager (Male) ×5 |
| 26:52 | Build | Castle |
Build order — fapastengames
First 150 of 636 actions detected
| 0:06 | Build | House |
| 0:10 | Build | House |
| 1:06 | Create | Villager (Male) |
| 1:07 | Create | Villager (Male) |
| 1:07 | Create | Villager (Male) |
| 1:07 | Create | Villager (Male) |
| 1:07 | Create | Villager (Male) |
| 1:45 | Create | Villager (Male) |
| 2:24 | Create | Villager (Male) |
| 2:25 | Create | Villager (Male) |
| 3:13 | Create | Villager (Male) |
| 3:54 | Create | Villager (Male) |
| 4:07 | Create | Villager (Male) |
| 4:07 | Create | Villager (Male) |
| 4:07 | Create | Villager (Male) |
| 4:49 | Create | Villager (Male) |
| 4:49 | Create | Villager (Male) |
| 4:55 | Build | House |
| 4:58 | Build | House |
| 5:16 | Build | Lumber Camp |
| 5:44 | Build | Mill |
| 5:49 | Research | Loom |
| 6:13 | Create | Villager (Male) |
| 6:13 | Create | Villager (Male) |
| 6:13 | Create | Villager (Male) |
| 6:13 | Create | Villager (Male) |
| 7:05 | Create | Villager (Male) |
| 7:06 | Create | Villager (Male) |
| 8:46 | Create | Villager (Male) |
| 8:58 | Build | Farm |
| 8:59 | Build | Farm |
| 9:00 | Build | Farm |
| 9:10 | Create | Villager (Male) |
| 9:16 | Build | Mining Camp |
| 9:23 | Create | Villager (Male) |
| 9:24 | Create | Villager (Male) |
| 9:43 | Build | House |
| 9:45 | Build | House |
| 9:45 | Build | House |
| 9:46 | Build | House |
| 9:48 | Build | House |
| 9:49 | Build | House |
| 9:50 | Build | House |
| 10:26 | Create | Villager (Male) |
| 10:27 | Create | Villager (Male) |
| 10:29 | Create | Villager (Male) |
| 10:57 | Build | Mining Camp |
| 11:28 | Research | Feudal Age |
| 12:42 | Create | Villager (Male) |
| 12:42 | Create | Villager (Male) |
| 12:42 | Create | Villager (Male) |
| 12:43 | Create | Villager (Male) |
| 13:51 | Age | Feudal Age |
| 13:54 | Build | Market |
| 14:00 | Build | Blacksmith |
| 14:20 | Build | Farm |
| 14:21 | Build | Farm |
| 15:27 | Build | Mining Camp |
| 15:31 | Create | Villager (Male) |
| 15:38 | Build | Farm |
| 15:39 | Build | Farm |
| 15:44 | Build | Farm |
| 15:47 | Build | Farm |
| 15:51 | Build | Farm |
| 15:56 | Create | Villager (Male) |
| 16:02 | Create | Trade Cart |
| 16:07 | Create | Trade Cart |
| 16:40 | Create | Villager (Male) |
| 16:41 | Create | Villager (Male) |
| 16:49 | Build | Farm |
| 17:03 | Create | Trade Cart |
| 17:13 | Create | Villager (Male) |
| 17:18 | Research | Castle Age |
| 17:20 | Create | Trade Cart |
| 17:47 | Build | Farm |
| 18:05 | Build | Farm |
| 18:33 | Create | Villager (Male) |
| 18:35 | Create | Villager (Male) |
| 18:35 | Create | Villager (Male) |
| 18:48 | Research | Double-Bit Axe |
| 19:04 | Create | Trade Cart |
| 19:09 | Create | Trade Cart |
| 20:35 | Age | Castle Age |
| 20:39 | Build | Town Center |
| 20:44 | Research | Caravan |
| 20:46 | Create | Trade Cart |
| 21:08 | Build | Castle |
| 21:18 | Create | Trade Cart |
| 21:18 | Create | Trade Cart |
| 21:23 | Research | Wheelbarrow |
| 21:23 | Create | Villager (Male) |
| 21:23 | Create | Villager (Male) |
| 21:24 | Create | Villager (Male) |
| 21:24 | Create | Villager (Male) |
| 21:24 | Create | Villager (Male) |
| 21:25 | Create | Villager (Male) |
| 21:25 | Create | Villager (Male) |
| 21:25 | Create | Villager (Male) |
| 21:25 | Create | Villager (Male) |
| 21:43 | Build | Farm |
| 21:49 | Create | Villager (Male) |
| 21:49 | Create | Villager (Male) |
| 21:51 | Create | Villager (Male) |
| 21:52 | Create | Villager (Male) |
| 21:58 | Build | Farm |
| 22:03 | Build | Farm |
| 22:15 | Build | Farm |
| 22:18 | Create | Villager (Male) |
| 22:18 | Create | Villager (Male) |
| 22:29 | Create | Villager (Male) |
| 22:38 | Build | Farm |
| 22:50 | Build | Farm |
| 22:55 | Build | Farm |
| 23:01 | Build | Farm |
| 23:05 | Create | Villager (Male) |
| 23:06 | Create | Villager (Male) |
| 23:06 | Create | Villager (Male) |
| 23:06 | Create | Villager (Male) |
| 24:02 | Build | Town Center |
| 24:05 | Create | Villager (Male) |
| 24:05 | Create | Villager (Male) |
| 24:05 | Create | Villager (Male) |
| 24:15 | Create | Villager (Male) |
| 24:15 | Create | Villager (Male) |
| 24:15 | Create | Villager (Male) |
| 24:15 | Create | Villager (Male) |
| 24:34 | Create | Trade Cart |
| 24:55 | Create | Trade Cart |
| 24:55 | Create | Trade Cart |
| 25:07 | Build | Farm |
| 25:16 | Create | Villager (Male) |
| 25:16 | Create | Villager (Male) |
| 25:16 | Create | Villager (Male) |
| 25:17 | Create | Villager (Male) |
| 25:17 | Create | Villager (Male) |
| 25:17 | Create | Villager (Male) |
| 25:21 | Build | Farm |
| 25:26 | Build | Farm |
| 25:32 | Create | Villager (Male) |
| 25:49 | Research | Hand Cart |
| 25:51 | Create | Villager (Male) |
| 25:51 | Create | Villager (Male) |
| 25:55 | Create | Trade Cart |
| 26:07 | Build | Farm |
| 26:12 | Build | Farm |
| 26:25 | Build | Farm |
| 26:35 | Research | Bow Saw |
| 26:43 | Build | Farm |
| 26:51 | Build | Farm |
| 26:57 | Create | Villager (Male) |
Build order — Cockerc
First 150 of 487 actions detected
| 0:06 | Create | Villager (Male) |
| 0:06 | Create | Villager (Male) |
| 0:06 | Create | Villager (Male) |
| 0:06 | Create | Villager (Male) |
| 0:09 | Build | House |
| 0:13 | Build | House |
| 0:35 | Build | House |
| 0:36 | Build | House |
| 1:36 | Create | Villager (Male) |
| 1:36 | Create | Villager (Male) |
| 1:36 | Create | Villager (Male) |
| 1:52 | Create | Villager (Male) |
| 1:53 | Create | Villager (Male) |
| 1:53 | Create | Villager (Male) |
| 2:32 | Create | Villager (Male) |
| 2:32 | Create | Villager (Male) |
| 2:32 | Create | Villager (Male) |
| 2:32 | Create | Villager (Male) |
| 3:01 | Create | Villager (Male) |
| 3:02 | Create | Villager (Male) |
| 3:40 | Create | Villager (Male) |
| 3:41 | Create | Villager (Male) |
| 3:41 | Create | Villager (Male) |
| 4:00 | Create | Villager (Male) |
| 4:00 | Create | Villager (Male) |
| 4:00 | Create | Villager (Male) |
| 4:19 | Create | Villager (Male) |
| 4:19 | Create | Villager (Male) |
| 4:19 | Create | Villager (Male) |
| 4:49 | Build | Mill |
| 5:00 | Create | Villager (Male) |
| 5:00 | Create | Villager (Male) |
| 5:01 | Create | Villager (Male) |
| 5:01 | Create | Villager (Male) |
| 5:01 | Create | Villager (Male) |
| 5:01 | Create | Villager (Male) |
| 5:01 | Create | Villager (Male) |
| 5:46 | Build | House |
| 6:03 | Create | Villager (Male) |
| 6:03 | Create | Villager (Male) |
| 6:26 | Build | House |
| 7:10 | Build | Lumber Camp |
| 7:44 | Create | Villager (Male) |
| 7:47 | Create | Villager (Male) |
| 7:50 | Research | Feudal Age |
| 8:07 | Build | Mill |
| 9:14 | Create | Villager (Male) |
| 9:14 | Create | Villager (Male) |
| 9:21 | Build | House |
| 9:22 | Build | House |
| 10:34 | Create | Villager (Male) |
| 10:44 | Age | Feudal Age |
| 10:57 | Build | Blacksmith |
| 11:40 | Build | Market |
| 12:08 | Create | Villager (Male) |
| 12:33 | Research | Castle Age |
| 12:33 | Research | Castle Age |
| 12:56 | Build | Mining Camp |
| 13:02 | Research | Double-Bit Axe |
| 13:03 | Research | Double-Bit Axe |
| 14:05 | Build | Farm |
| 14:05 | Build | Farm |
| 14:05 | Build | Farm |
| 15:13 | Age | Castle Age |
| 15:17 | Build | Town Center |
| 15:28 | Build | Town Center |
| 15:29 | Create | Villager (Male) |
| 15:29 | Create | Villager (Male) |
| 15:52 | Build | House |
| 15:52 | Build | House |
| 15:57 | Create | Villager (Male) |
| 16:00 | Research | Stone Mining |
| 16:00 | Research | Stone Mining |
| 16:06 | Build | Farm |
| 16:06 | Build | Farm |
| 16:06 | Build | Farm |
| 16:06 | Build | Farm |
| 16:06 | Build | Farm |
| 16:42 | Create | Villager (Male) |
| 16:49 | Build | Farm |
| 16:50 | Build | Farm |
| 16:50 | Build | Farm |
| 16:50 | Build | Farm |
| 17:02 | Create | Villager (Male) |
| 17:02 | Create | Villager (Male) |
| 17:06 | Create | Villager (Male) |
| 17:06 | Create | Villager (Male) |
| 17:07 | Create | Villager (Male) |
| 17:16 | Research | Loom |
| 17:35 | Build | Farm |
| 17:35 | Build | Farm |
| 17:44 | Build | Farm |
| 17:48 | Research | Horse Collar |
| 18:30 | Build | Watch Tower |
| 18:41 | Create | Villager (Male) |
| 18:41 | Create | Villager (Male) |
| 18:46 | Create | Villager (Male) |
| 18:46 | Create | Villager (Male) |
| 18:46 | Create | Villager (Male) |
| 18:52 | Build | Farm |
| 18:52 | Build | Farm |
| 18:52 | Build | Farm |
| 18:52 | Build | Farm |
| 18:53 | Build | Farm |
| 18:53 | Build | Farm |
| 19:10 | Build | House |
| 19:10 | Build | House |
| 19:10 | Build | House |
| 19:11 | Build | House |
| 19:11 | Build | House |
| 19:12 | Build | House |
| 19:12 | Build | House |
| 19:12 | Build | House |
| 19:12 | Build | House |
| 19:12 | Build | House |
| 19:13 | Build | House |
| 19:13 | Build | House |
| 19:15 | Build | House |
| 19:15 | Build | House |
| 19:16 | Build | House |
| 19:16 | Build | House |
| 19:16 | Build | House |
| 19:19 | Build | House |
| 19:30 | Build | Farm |
| 19:30 | Build | Farm |
| 19:31 | Build | Farm |
| 19:36 | Create | Villager (Male) |
| 19:36 | Create | Villager (Male) |
| 19:37 | Create | Villager (Male) |
| 19:37 | Create | Villager (Male) |
| 19:37 | Create | Villager (Male) |
| 20:06 | Build | Castle |
| 20:42 | Build | Building 665 |
| 21:03 | Create | Villager (Male) |
| 21:03 | Create | Villager (Male) |
| 21:03 | Create | Villager (Male) |
| 21:03 | Create | Villager (Male) |
| 21:34 | Build | Mill |
| 21:42 | Create | Longbowman |
| 21:42 | Create | Longbowman |
| 21:44 | Create | Villager (Male) |
| 21:44 | Create | Villager (Male) |
| 21:44 | Create | Villager (Male) |
| 21:45 | Create | Villager (Male) |
| 21:45 | Create | Villager (Male) |
| 21:55 | Build | Watch Tower |
| 22:04 | Build | Watch Tower |
| 22:12 | Create | Villager (Male) |
| 22:13 | Create | Villager (Male) |
| 22:13 | Create | Villager (Male) |
Match timeline
| 10:32 | dull520resolute · age_up feudal |
| 10:40 | sTaZero · age_up feudal |
| 10:44 | Cockerc · age_up feudal |
| 11:33 | joaoinkgamer · first_building Barracks |
| 12:04 | Selu · age_up feudal |
| 12:42 | joaoinkgamer · age_up feudal |
| 12:58 | Cruzcerro3 · age_up feudal |
| 13:51 | fapastengames · age_up feudal |
| 15:02 | K4T#1 · age_up feudal |
| 15:13 | Cockerc · age_up castle |
| 16:59 | dull520resolute · first_building Barracks |
| 17:49 | sTaZero · age_up castle |
| 17:56 | dull520resolute · first_building Archery Range |
| 18:11 | sTaZero · first_building Castle |
| 18:27 | joaoinkgamer · age_up castle |
| 18:29 | sTaZero · wall_segment Palisade Wall x1 |
| 19:12 | joaoinkgamer · first_building Castle |
| 19:39 | sTaZero · wall_segment Palisade Wall x2 |
| 20:04 | Cruzcerro3 · first_building Barracks |
| 20:06 | Cockerc · first_building Castle |
| 20:06 | Cruzcerro3 · age_up castle |
| 20:35 | fapastengames · age_up castle |
| 20:40 | joaoinkgamer · first_building Siege Workshop |
| 20:44 | Cruzcerro3 · first_building Siege Workshop |
| 20:58 | dull520resolute · age_up castle |
| 21:07 | Selu · age_up castle |
| 21:08 | dull520resolute · wall_segment Stone Wall x16 |
| 21:08 | fapastengames · first_building Castle |
| 21:20 | Cockerc · first_market_buy 100 stone |
| 21:21 | Cruzcerro3 · first_building Archery Range |
| 21:23 | K4T#1 · first_building Stable |
| 21:26 | Cockerc · first_market_sell 100 stone |
| 21:49 | joaoinkgamer · first_building Stable |
| 22:08 | K4T#1 · age_up castle |
| 22:16 | Selu · first_market_buy 100 stone |
| 22:31 | Selu · first_building Castle |
| 22:51 | dull520resolute · wall_segment Stone Wall x1 |
| 22:59 | Selu · first_building Siege Workshop |
| 23:08 | Cruzcerro3 · first_building Monastery |
| 23:14 | sTaZero · first_building Siege Workshop |
| 23:22 | Cruzcerro3 · first_building Castle |
| 24:03 | K4T#1 · first_building Castle |
| 24:08 | joaoinkgamer · first_building Archery Range |
| 24:22 | sTaZero · first_building Monastery |
| 25:05 | Cockerc · first_building Barracks |
| 26:41 | Cockerc · first_building Monastery |
| 26:47 | joaoinkgamer · first_market_buy 100 stone |
| 26:52 | dull520resolute · first_building Castle |
| 27:01 | Selu · wall_segment Stone Wall x8 |
| 27:04 | Selu · wall_segment Stone Wall x8 |
| 27:21 | dull520resolute · resign |
| 28:16 | Cockerc · first_building Siege Workshop |
| 28:57 | Selu · age_up imperial |
| 29:10 | fapastengames · first_building Barracks |
| 30:46 | Selu · first_building Barracks |
| 30:57 | fapastengames · first_building Stable |
| 30:59 | fapastengames · first_building Siege Workshop |
| 31:04 | Cockerc · age_up imperial |
| 31:36 | sTaZero · age_up imperial |
| 32:16 | joaoinkgamer · first_market_sell 100 wood |
| 32:36 | Cruzcerro3 · wall_segment Stone Wall x4 |
| 32:37 | fapastengames · first_building Monastery |
| 32:55 | fapastengames · age_up imperial |
| 33:28 | Selu · first_building Stable |
| 33:53 | K4T#1 · age_up imperial |
| 35:35 | joaoinkgamer · age_up imperial |
| 36:30 | Cockerc · wall_segment Stone Wall x1 |
| 36:30 | Cockerc · wall_segment Stone Wall x1 |
| 36:31 | Cockerc · wall_segment Stone Wall x1 |
| 36:41 | sTaZero · first_market_buy 100 stone |
| 37:34 | Selu · first_building Archery Range |
| 37:38 | fapastengames · first_market_sell 100 wood |
| 38:34 | K4T#1 · first_building Archery Range |
| 41:27 | Cruzcerro3 · age_up imperial |
| 50:51 | sTaZero · first_building Barracks |
| 52:07 | fapastengames · first_market_buy 100 stone |
| 52:13 | Selu · wall_segment Stone Wall x11 |
| 52:55 | Selu · wall_segment Stone Wall x11 |
| 57:47 | K4T#1 · first_building Barracks |
| 63:12 | joaoinkgamer · wall_segment Stone Wall x9 |
[ AI ANALYSIS · 1 CREDIT ]
What really happened in this match?
Wolo.gg analyzes every decision: build order, eco, micro, common mistakes by bracket. Personalized analysis on WhatsApp or Discord in 30 seconds.
Civ guide
Italians
Map guide
Arena
Perfil
Cruzcerro3